Cogmind - Beta 16 @@@ ROGUE MODE // 2026.01.02 @ 14:54:28 Player: Artackni Result: Destroyed by P-70 Sage with Tesla Rifle Performance ------------- Evolutions (5) 2500 Regions Visited (12) 2400 Robots Destroyed (245) 1225 Value Destroyed (9743) 9743 Prototype IDs (42) 840 Alien Tech Used (0) 0 Bonus (2571) 2571 TOTAL SCORE: 19279 Bonus ------- High Alert Combat Kills 1837 Follower Combat Kills 434 Met Data Miner 300 Cogmind --------- Core Integrity 0/1000 Matter 176/300 Energy 433/500 System Corruption 27% Temperature Cool (2) Movement Walking (120) Location -5/Factory Parts ------- > --- POWER (1) -------- (None) > --- PROPULSION (6) --- Carbon-fiber Leg Carbon-fiber Leg > --- UTILITY (6) ------ Improved Energy Well Advanced Target Analyzer Core Analyzer > --- WEAPON (4) ------- Tesla Rifle > --- INVENTORY (5) ---- Improved Cooling System Advanced Recoil Stabilizer Improved Weapon Cycler Improved Corruption Screen Peak State ------------ > --- POWER ------------ Fusion Reactor > --- PROPULSION ------- Armored Treads Armored Treads Medium Treads Medium Treads Heavy Treads > --- UTILITY ---------- High-capacity Storage Unit Improved Launcher Guidance Computer Core Analyzer Core Analyzer Improved Medium Armor Plating Improved Dynamic Insulation System > --- WEAPON ----------- KE Penetrator Enhanced Gauss Cannon Advanced Remote Datajack Plasma Sword > --- INVENTORY -------- Antimatter Reactor Medium Treads Medium Treads Compact Wheel Improved Cooling System IFF Parser Advanced Target Analyzer Precision Energy Filter Kinecellerator Improved Kinecellerator Improved Weapon Cycler Hardlight Generator Makeshift Hacking Suite Advanced Hacking Suite Improved Corruption Screen Antimatter Cannon Enhanced Gauss Cannon Hypervelocity Mass Driver Smartbomb Launcher [Rating: 95] Favorites ----------- Power Cold Fusion Reactor Engine Improved Deuterium Engine Power Core Neutrino Core Reactor Cold Fusion Reactor Propulsion Armored Treads Treads Armored Treads Leg Flexi-carbon Leg Wheel Wheel Utility Core Analyzer Device Seismic Detector Storage High-capacity Storage Unit Processor Core Analyzer Hackware Hacking Suite Protection Hardened Medium Armor Plating Weapon Antimatter Cannon Energy Gun Precision Shock Rifle Energy Cannon Heavy Ion Cannon Ballistic Gun Precision Assault Rifle Ballistic Cannon Antimatter Cannon Launcher Precision Rocket Launcher Special Weapon Remote Datajack Impact Weapon Makeshift Hammer Slashing Weapon Plasma Sword Piercing Weapon Spear Special Melee Weapon Improved Datajack Build | -11 -10 -10 -8 -7 -7 -7 -7 -6 -6 -6 -6 -5 ------- Run | Yrd Mat Sub Mat Fac Low Low Dat Pro Fac Was Fac Fac Slots Evolved 10 | . . . 4 2 . . . . 2 . . 2 Power . | . . . . . . . . . . . . . Propulsion 4 | . . . 2 . . . . . 1 . . 1 Utility 4 | . . . 2 1 . . . . 1 . . . Weapon 2 | . . . . 1 . . . . . . . 1 Parts Attached 190 | 7 4 14 8 37 7 8 . 3 12 6 18 66 Power 18 | 1 . 3 1 3 . 2 . . 1 . . 7 Engine 8 | 1 . 3 1 2 . 1 . . . . . . Core 6 | . . . . 1 . 1 . . . . . 4 Reactor 4 | . . . . . . . . . 1 . . 3 Propulsion 56 | 2 . 5 2 10 4 1 . . 6 1 6 19 Treads 26 | 1 . 1 . 5 3 1 . . 4 . 3 8 Leg 10 | . . . 2 . . . . . . . . 8 Wheel 20 | 1 . 4 . 5 1 . . . 2 1 3 3 Hover . | . . . . . . . . . . . . . Flight . | . . . . . . . . . . . . . Utility 60 | 2 1 1 2 9 2 2 . 2 3 4 7 25 Device 28 | 1 . . 1 4 1 . . 1 2 2 6 10 Storage 5 | 1 1 1 . . . . . . . . . 2 Processor 8 | . . . . 1 . . . . . 1 . 6 Hackware 3 | . . . . 1 1 . . . . . . 1 Protection 16 | . . . 1 3 . 2 . 1 1 1 1 6 Artifact . | . . . . . . . . . . . . . Weapon 56 | 2 3 5 3 15 1 3 . 1 2 1 5 15 Energy Gun 12 | 2 . 1 2 4 . . . . . . 1 2 Energy Cannon 3 | . . . . 2 1 . . . . . . . Ballistic Gun 7 | . . . . 4 . . . . . . . 3 Ballistic Cannon 17 | . 3 1 . . . 2 . 1 1 1 3 5 Launcher 6 | . . 1 . . . 1 . . . . 1 3 Special Weapon 4 | . . 2 . 1 . . . . . . . 1 Impact Weapon 2 | . . . . 1 . . . . 1 . . . Slashing Weapon 3 | . . . . 2 . . . . . . . 1 Piercing Weapon 1 | . . . . 1 . . . . . . . . Special Melee Weapon 1 | . . . 1 . . . . . . . . . Unidentified Prototypes 13 | . . . . 3 . . . . 2 . 3 5 Corrupted Parts 8 | . . 1 . . 5 2 . . . . . . System Corruption 24 | . . 2 . . 14 8 . . . . . . Parts Lost 69 | . . 10 . 3 . 7 . 3 3 . 1 42 Power 6 | . . 2 . . . . . 1 . . . 3 Propulsion 24 | . . 4 . 2 . 3 . 1 . . 1 13 Utility 17 | . . 1 . 1 . . . . 2 . . 13 Weapon 22 | . . 3 . . . 4 . 1 1 . . 13 Highest Loss Streak 12 | . . 4 . 1 . 3 . 2 2 . 1 12 To Critical Strikes . | . . . . . . . . . . . . . Average Backups 18 | 5 16 17 17 19 19 19 20 19 19 19 19 17 Power . | . 1 . . 1 1 . . . . . 1 . Propulsion 2 | 3 4 3 . 1 2 2 . . 2 4 3 1 Utility 10 | . 4 7 9 10 10 11 15 15 13 10 9 10 Weapon 4 | 1 6 6 5 5 5 4 4 3 3 3 4 2 Tool/Special . | . . . . . . . . . . . . . Unused Backups 39 | . . 1 5 15 1 2 . . 3 . 1 11 Power 1 | . . . . 1 . . . . . . . . Propulsion 4 | . . . . 1 1 1 . . . . . 1 Utility 21 | . . . 3 6 . . . . 3 . 1 8 Weapon 12 | . . 1 2 7 . 1 . . . . . 1 Tool/Special 1 | . . . . . . . . . . . . 1 Average Slot Usage (%) 96 | . 100 97 88 99 99 98 100 92 93 96 98 91 Engine 3 | . 14 12 9 6 6 5 . . . . . . Reactor 2 | . . . . . . . . . 3 6 5 3 Treads 18 | . 14 7 . 14 15 17 30 24 20 13 20 22 Leg 2 | . . . 17 3 . . . . . . . 4 Wheel 9 | . 14 19 18 12 14 11 . . 11 20 10 1 Device 9 | . 14 5 8 9 6 7 7 7 10 15 14 6 Storage 7 | . 14 21 9 7 7 7 7 7 6 6 6 5 Processor 8 | . . . . 4 7 7 7 7 6 12 13 12 Hackware 2 | . . . . 6 7 7 7 7 6 . . . Protection 5 | . . . 8 6 7 7 7 7 6 . 4 5 Energy Gun 3 | . 2 7 16 3 15 13 7 1 1 . . . Ballistic Gun 3 | . . . . 12 6 1 . . . . . 2 Ballistic Cannon 9 | . 25 7 . . . 2 11 20 13 12 13 12 Impact Weapon 1 | . . . . . . . . . 2 . 4 . Slashing Weapon 1 | . . . . . . . . . . . . 4 Peak Build Rating 95 | 7 9 13 23 50 48 56 56 56 60 68 76 95 Average Rating 55 | 5 8 11 21 43 46 47 56 49 52 62 63 82 On Entrance 37 | . 7 9 13 23 47 43 56 56 43 58 57 76 Avg Prop Armor Cover (%) 13 | 14 11 11 6 15 14 14 . . 18 13 15 8 Naked Turns . | . . . . . . . . . . . . . Heaviest Build 108 | 13 52 53 73 92 77 80 79 81 89 92 104 108 Greatest Support 166 | 16 16 40 40 49 20 80 80 80 60 30 130 166 Greatest Overweight (x) 8 | 2 3 5 2 8 6 7 . 1 6 3 5 5 Average Overweight (x) 2 | . 2 2 1 3 3 2 . . 3 2 2 . Largest Inventory Capacity 20 | 8 20 20 20 20 20 20 20 20 20 20 20 20 Average Capacity 19 | 7 19 20 20 20 20 20 20 20 20 20 20 19 Most Carried 20 | 8 20 20 20 20 20 20 20 20 20 20 20 20 Average Carried 19 | 5 16 19 17 19 19 19 20 19 19 19 19 18 Final Capacity 20 | 8 20 20 20 20 20 20 20 20 20 20 20 5 Final Carried 20 | 8 20 20 20 20 20 20 20 20 20 20 20 4 Class Distribution -------------------- 41% | Scavenger-Gunner 26% | Mutant 7% | Scavenger-Mutant 7% | Scavenger-Tank 7% | Gunner 6% | Tank Dominant Class ---------------- Mutant | -10/Materials Mutant | -10/Subcaves Subdweller-Mutant | -8/Materials Scavenger-Gunner | -7/Factory Scavenger-Gunner | -7/Lower Caves Scavenger-Gunner | -7/Lower Caves Scavenger-Gunner | -7/Data Miner Scavenger-Gunner | -6/Proximity Caves Scavenger-Gunner | -6/Factory Scavenger-Gunner | -6/Waste Mutant | -6/Factory Scavenger-Gunner | -5/Factory Resources | -11 -10 -10 -8 -7 -7 -7 -7 -6 -6 -6 -6 -5 ----------- Run | Yrd Mat Sub Mat Fac Low Low Dat Pro Fac Was Fac Fac Matter Collected 10204 | 260 622 308 130 1141 342 369 . 293 989 340 1783 3627 Remotely 470 | . . . . . . . . . . . . 470 Salvage Created 11029 | 159 360 219 105 1730 235 672 . 276 934 1302 1344 3693 Parts 454 | 19 22 12 7 87 14 21 . 6 33 5 52 176 Haulers Intercepted 12 | . 1 . . 3 . 1 . . 1 . 2 4 Recyclers Shooed 12 | . . . . 2 . . . . 4 . 1 5 Parts Field Recycled . | . . . . . . . . . . . . . Retrieved Matter . | . . . . . . . . . . . . . Parts Self-Destructed 29 | . . 11 . . 7 6 . 5 . . . . Prevented 5 | . . . . . 2 3 . . . . . . Parts Restored . | . . . . . . . . . . . . . Kills | -11 -10 -10 -8 -7 -7 -7 -7 -6 -6 -6 -6 -5 ------- Run | Yrd Mat Sub Mat Fac Low Low Dat Pro Fac Was Fac Fac Combat Hostiles Destroyed 175 | . 10 8 4 22 2 10 . 7 15 5 22 70 Melee 9 | . . . . . . 1 . . . . 2 6 Guns 36 | . . 2 4 16 1 5 . . . . . 8 Cannons 114 | . 10 4 . 6 . 2 . 5 13 5 18 51 AOE 10 | . . 2 . . . 1 . 2 . . . 5 Classes Destroyed 21 | 2 4 1 1 3 2 2 . . 1 1 1 3 Worker 20 | 1 1 . 1 1 . . . . 1 . 4 11 Builder 7 | . . . . 3 . . . . . . 1 3 Tunneler 8 | 7 . . . . . . . . 1 . . . Hauler 12 | . 1 . . 3 . 1 . . 1 . 2 4 Recycler 19 | . 1 . . 7 . . . . 3 . 2 6 Mechanic 1 | . . . . . . . . . . . . 1 Operator 2 | . . . . . . . . . . . 1 1 Watcher 1 | . . . . 1 . . . . . . . . Swarmer 15 | . 3 . 3 . . . . . . . . 9 Saboteur 1 | . . . . . . . . . . . . 1 Grunt 77 | . 7 . . 11 . 5 . 7 8 . 13 26 Brawler 1 | . . . . . . . . . 1 . . . Duelist 3 | . . . . . . . . . 1 . . 2 Sentry 12 | . . . 1 3 . . . . 2 . 2 4 Hunter 8 | . . . . . 1 . . . . . . 7 Programmer 39 | . . . . 8 1 . . . 3 . 7 20 Behemoth 1 | . . . . . . . . . . . . 1 Compactor 5 | . . . . . . . . . . 5 . . Subdweller 8 | . . 8 . . . . . . . . . . Decomposer 3 | . . . . . 3 . . . . . . . Samaritan 2 | . . . . . 1 1 . . . . . . Thug 3 | . . . . . . 3 . . . . . . Butcher 1 | . . . . . . 1 . . . . . . Mutant 1 | . . . . . . 1 . . . . . . Best Kill Streak 11 | 6 3 2 4 3 1 6 . 4 4 2 5 11 Combat Bots Only 7 | . 3 2 2 3 1 5 . 4 4 2 3 7 Max Kills in Single Turn 4 | 1 2 1 1 2 1 2 . 2 1 1 2 4 Gunslinging . | . . . . . . . . . . . . . Exploded 2 | . . 1 . . . 1 . 2 . . . 2 Melee 1 | . . . . . . 1 . . . . 1 1 Uniques/NPCs Destroyed . | . . . . . . . . . . . . . Combat | -11 -10 -10 -8 -7 -7 -7 -7 -6 -6 -6 -6 -5 -------- Run | Yrd Mat Sub Mat Fac Low Low Dat Pro Fac Was Fac Fac Hostile Shots Fired 1312 | . 40 56 21 170 12 66 . 60 83 . 178 626 Missed 331 | . 13 14 2 54 4 17 . 13 27 . 59 128 Hits 981 | . 27 42 19 116 8 49 . 47 56 . 119 498 Melee 9 | . . . . . . 5 . . . . . 4 Projectile 972 | . 27 42 19 116 8 44 . 47 56 . 119 494 AOE 2 | . . . . . . . . . . . . 2 Critical Strikes 43 | . . . . 7 . 4 . 2 1 . 2 27 Part Disruptions 3 | . . . . 1 . . . . . . . 2 Damage Taken 17316 | . 328 972 168 1491 137 1097 . 927 696 . 1743 9757 Core 1783 | . 29 201 14 62 . 228 . 59 19 . 166 1005 Absorbed by Shields 587 | . . . . 121 . 40 . . 8 . 223 195 Reduced by Siege Mode 104 | . . . . . . . . . . . . 104 Ignored by Resistances 158 | . . . . 120 . . . . . . . 38 Regen/Repaired (Parts) 287 | . . . 57 . . . . . . 22 28 180 Core Remaining (%) 66 | 100 . 8 97 . . . . 50 . . 78 . Volleys Fired 589 | 17 34 38 11 102 10 31 2 16 49 22 85 172 Largest 3 | 2 2 2 2 3 3 3 1 3 3 3 3 3 Hottest 204 | 80 60 140 123 179 138 204 5 135 153 128 168 163 Shots Fired 1330 | 34 68 63 22 225 31 79 3 41 110 42 173 439 Gun 452 | 34 . 18 22 168 31 65 1 2 2 . 5 104 Cannon 832 | . 68 31 . 49 . 11 . 34 107 38 168 326 Launcher 21 | . . 8 . . . 3 . 5 . 1 . 4 Special 25 | . . 6 . 8 . . 2 . 1 3 . 5 Kinetic 1020 | . 68 31 . 130 10 18 . 34 107 38 168 416 Thermal 163 | 34 . 14 22 66 . 7 . . 2 . 5 13 Explosive 21 | . . 8 . . . 3 . 5 . 1 . 4 Electromagnetic 107 | . . 10 . 21 21 51 1 2 . . . 1 Robot Hit Streak 21 | 3 8 17 19 21 10 20 1 6 11 12 9 11 Robot Miss Streak 7 | 3 4 2 5 5 2 3 1 3 2 3 6 7 Penetration Max 1 | . . . . . . . . . . 1 1 1 Secondary Targets 1 | . . . 1 . . . . . . . . . Max Gunslinging Chain 1 | . . . 1 . . . . . . . . . Shots Hit Robots 864 | 16 38 44 12 155 18 62 1 20 80 30 106 282 Core Hits 406 | 9 15 18 6 69 7 31 . 16 40 11 32 152 Critical Kills 29 | . . . . . . . . . . 3 21 5 Critical Parts Destroyed 45 | . . . . 1 . . . . 3 . 33 8 Critical Strikes 118 | . 2 . . 1 . 1 . 2 7 8 55 42 Burn 1 | . . . . . . . . . . . . 1 Destroy 73 | . . . . 1 . . . . . 8 48 16 Blast 31 | . 2 . . . . . . 2 4 . . 23 Smash 10 | . . . . . . . . . 3 . 7 . Sever 2 | . . . . . . . . . . . . 2 Impale 1 | . . . . . . 1 . . . . . . Melee Attacks 174 | . . . 1 20 . 5 . . 10 . 46 92 Impact 60 | . . . . 1 . . . . 10 . 46 3 Slashing 98 | . . . . 9 . . . . . . . 89 Piercing 15 | . . . . 10 . 5 . . . . . . Sneak Attacks 29 | . . . 1 3 . . . . 1 . 4 20 Combat Hostiles 1 | . . . . . . . . . 1 . . . Follow-up Attacks . | . . . . . . . . . . . . . Damage Inflicted 28236 | 205 729 876 224 3451 280 1830 . 918 2551 1028 3280 12864 Guns 6247 | 205 . 210 224 2510 280 1098 . 42 37 . 61 1580 Cannons 14847 | . 729 329 . 711 . 144 . 549 2312 847 2104 7122 Explosions 2880 | . . 315 . . . 486 . 327 . 181 . 1571 Melee 4240 | . . . . 230 . 102 . . 202 . 1115 2591 Ramming . | . . . . . . . . . . . . . Kinetic 17700 | . 729 329 . 1981 50 283 . 549 2312 847 2104 8516 Thermal 2579 | 205 . 99 224 963 . 142 . . 37 . 61 848 Explosive 2213 | . . 315 . . . 486 . 327 . 181 . 904 Electromagnetic 1504 | . . 133 . 277 230 817 . 42 . . . 5 Impact 1436 | . . . . . . . . . 202 . 1115 119 Slashing 2702 | . . . . 230 . . . . . . . 2472 Piercing 102 | . . . . . . 102 . . . . . . Highest Corruption 27 | . . 2 . 3 18 26 26 26 . . 4 27 Average Corruption 9 | . . 2 . 2 9 19 26 26 . . 2 9 Corruption Purged 4 | . . . . . . . . . . . 4 . Corruption Blocked . | . . . . . . . . . . . . . Effects 351 | . . 6 . 10 34 40 7 39 . . 45 170 Message Errors 87 | . . 3 . 1 9 7 3 5 . . 11 48 Matter Fused 76 | . . . . 6 9 7 . 7 . . 10 37 Heat Flow Errors 43 | . . . . 1 5 5 2 3 . . 6 21 Energy Discharges 42 | . . 2 . 1 3 5 . 9 . . 9 13 Parts Rejected 5 | . . . . . . 1 . . . . . 4 Parts Fused 8 | . . . . 1 1 1 . 1 . . . 4 Data Loss (minor) 35 | . . . . . 4 2 1 5 . . 4 19 Data Loss (major) 19 | . . 1 . . 2 6 . . . . 1 9 Misfires 14 | . . . . . 1 2 1 2 . . 2 6 Alerts 5 | . . . . . . 2 . 1 . . 1 1 Misdirections 7 | . . . . . . . . 2 . . . 5 Weapon Failures 10 | . . . . . . 2 . 4 . . 1 3 Overload Shots . | . . . . . . . . . . . . . Overflow Damage 1937 | . 13 . . 77 . 12 . 4 261 . 697 873 Projectiles 336 | . 13 . . 32 . . . . 59 . 83 149 Explosions 157 | . . . . . . 12 . 4 . . . 141 Melee 1444 | . . . . 45 . . . . 202 . 614 583 Knockbacks 119 | . 4 4 . . . 2 . 5 23 . 26 55 Impact 8 | . . . . . . . . . 2 . 6 . Kinetic 104 | . 4 3 . . . 2 . 4 19 . 19 53 Secondary 7 | . . 1 . . . . . 1 2 . 1 2 Self-Inflicted Damage 186 | . . . . . . 18 . 20 . . . 148 Shots 6 | . . . . . . 1 . 2 . . . 3 Rammed . | . . . . . . . . . . . . . Targets Rammed . | . . . . . . . . . . . . . Kicked . | . . . . . . . . . . . . . Crushed . | . . . . . . . . . . . . . Highest Temperature 651 | 74 108 5 432 315 335 651 198 477 108 54 362 464 Average Temperature 113 | 26 45 5 187 89 112 173 104 163 26 16 102 128 Received Heat Transfer 3568 | . 144 285 9 334 . 408 . 391 248 . 491 1258 Effects 30 | . . . 1 1 . 6 . 6 . . 4 12 Shutdowns 5 | . . . . . . 2 . 1 . . . 2 Energy Bleed 7 | . . . 1 . . 2 . 2 . . 1 1 Interference 7 | . . . . 1 . . . . . . . 6 Matter Decay 4 | . . . . . . 1 . . . . 1 2 Short Circuit 2 | . . . . . . . . . . . 1 1 Damage (minor) 2 | . . . . . . . . 1 . . 1 . Damage (major) 2 | . . . . . . . . 2 . . . . Damage (core) 1 | . . . . . . 1 . . . . . . Siege Activations 15 | . . . . . . . . . . . 1 14 Total Turns 233 | . . . . . . . . . . . 12 221 Longest Duration 43 | . . . . . . . . . . . 12 43 Martial Activations . | . . . . . . . . . . . . . Shielding Activations . | . . . . . . . . . . . . . Robots Disrupted 1 | . . . . 1 . . . . . . . . Combat Hostiles 1 | . . . . 1 . . . . . . . . Robots Corrupted 7 | . . . . . 1 1 . . 2 . 3 . Combat Hostiles 6 | . . . . . 1 1 . . 2 . 2 . Parts Fried 19 | . . 1 . . 1 8 . . 2 . 7 . Impact Corruptions 31 | . . . . . . . . . 5 . 23 3 Robots Melted . | . . . . . . . . . . . . . Combat Hostiles . | . . . . . . . . . . . . . Parts Melted 6 | . . 1 1 2 . 1 . . . . . 1 Heat Transferred 3948 | 450 . 335 360 1422 . 325 . . 75 . 74 907 Parts Sabotaged . | . . . . . . . . . . . . . Parts Stolen . | . . . . . . . . . . . . . Parts Stripped . | . . . . . . . . . . . . . Power Chain Reactions . | . . . . . . . . . . . . . Alert | -11 -10 -10 -8 -7 -7 -7 -7 -6 -6 -6 -6 -5 ------- Run | Yrd Mat Sub Mat Fac Low Low Dat Pro Fac Was Fac Fac Maximum Alert Level 5 | . . . . 1 . . . . 3 1 2 5 Low Security (%) 49 | 100 100 . 100 74 . . . . . 92 52 23 Level 1 17 | . . . . 25 . . . . . 7 33 11 Level 2 15 | . . . . . . . . . 74 . 14 17 Level 3 10 | . . . . . . . . . 25 . . 24 Level 4 6 | . . . . . . . . . . . . 20 Level 5 . | . . . . . . . . . . . . 2 High Security . | . . . . . . . . . . . . . Max Security . | . . . . . . . . . . . . . Peak Influence 1847 | 10 116 . 58 312 . . . . 928 211 485 1847 Initial 928 | . . . . . . . . . 928 211 . 233 Average 364 | 1 47 . 18 118 . . . . 647 76 204 703 Influence Increases 7076 | 40 347 . 126 835 65 105 . 160 1413 15 1222 2748 Destroy 0b10 Robot/C 3340 | . 200 . 80 460 40 100 . 140 300 . 620 1400 Destroy 0b10 Robot/NC 380 | 40 15 . 5 75 5 5 . . 30 . 75 130 Destroy Leader 844 | . 42 . 20 158 20 . . 20 72 . 194 318 Allied During Kill 149 | . . . . 2 . . . . . . 147 . Successful Hack 167 | . 12 . 20 93 . . . . 2 . 22 18 Disable Machine 480 | . . . . . . . . . 90 . 15 375 Destroy Structure 591 | . 3 . 1 32 . . . . 19 15 89 432 Advance Influence 900 | . . . . . . . . . 900 . . . Partial Spotted 15 | . . . . . . . . . . . . 15 Lose Combat Pursuer 210 | . 75 . . 15 . . . . . . 60 60 Influence Decreases 5285 | 40 344 3 126 525 351 104 25 114 854 620 745 1434 Entered New Map 805 | . . 3 . . 115 6 25 . 18 394 . 244 Time Decay 3539 | 40 344 . 126 495 216 78 . 104 506 186 674 770 Search Patrol Dispatched 300 | . . . . . . . . . 300 . . . Lost Part 500 | . . . . 20 . 20 . 10 30 . . 420 Lost Ally 141 | . . . . 10 20 . . . . 40 71 . Squads Dispatched 68 | . 1 . 2 20 . . . . 3 . 17 25 Investigation 8 | . . . . 2 . . . . 1 . 3 2 Extermination 27 | . . . . 7 . . . . 2 . 8 10 Reinforcement 21 | . 1 . 2 6 . . . . . . 2 10 Assault 3 | . . . . . . . . . . . . 3 Garrison 9 | . . . . 5 . . . . . . 4 . Intercept . | . . . . . . . . . . . . . Searches Triggered 3 | . . . . . . . . . 3 . . . Data Miner Redirects 3 | . . . . . . . . . . . 1 2 Construction Impeded 6 | . . . . 1 . . . . . . 1 4 Haulers Reinforced 3 | . . . . 1 . . . . . . 1 1 Active Scanning Responses . | . . . . . . . . . . . . . Cargo Convoy Interrupts 1 | . . . . . . . . . . . . 1 Stealth | -11 -10 -10 -8 -7 -7 -7 -7 -6 -6 -6 -6 -5 --------- Run | Yrd Mat Sub Mat Fac Low Low Dat Pro Fac Was Fac Fac Distress Signals 15 | . 5 . . 3 . . . . . . 1 6 Communications Jammed . | . . . . . . . . . . . . . Distress Signals . | . . . . . . . . . . . . . Times Spotted 272 | . 25 9 5 41 2 11 . 16 19 6 33 105 Peak Tracking Total 9 | . 5 2 3 4 1 5 . 5 4 4 4 9 Tactical Retreats 15 | . 5 . . 1 . 1 . . . . 4 4 Traps | -11 -10 -10 -8 -7 -7 -7 -7 -6 -6 -6 -6 -5 ------- Run | Yrd Mat Sub Mat Fac Low Low Dat Pro Fac Was Fac Fac Traps Triggered 14 | . . . . 7 . . . . 2 . 3 2 Indirectly . | . . . . . . . . . . . . . Trap Hack Attempts . | . . . . . . . . . . . . . Triggered . | . . . . . . . . . . . . . Disarmed . | . . . . . . . . . . . . . Reprogrammed . | . . . . . . . . . . . . . Reused . | . . . . . . . . . . . . . Traps Extracted . | . . . . . . . . . . . . . Installed . | . . . . . . . . . . . . . Triggered . | . . . . . . . . . . . . . Machines | -11 -10 -10 -8 -7 -7 -7 -7 -6 -6 -6 -6 -5 ---------- Run | Yrd Mat Sub Mat Fac Low Low Dat Pro Fac Was Fac Fac Machines Disabled 32 | . . . . . . . . . 6 . 1 25 Max in Single Turn 4 | . . . . . . . . . 1 . 1 4 Garrison Access 3 | . . . . 2 . . . . . . 1 . Machines Repaired . | . . . . . . . . . . . . . Machines Dismantled . | . . . . . . . . . . . . . Machines Sabotaged . | . . . . . . . . . . . . . Overloaded Fab Kills . | . . . . . . . . . . . . . Hacking | -11 -10 -10 -8 -7 -7 -7 -7 -6 -6 -6 -6 -5 --------- Run | Yrd Mat Sub Mat Fac Low Low Dat Pro Fac Was Fac Fac Machines Accessed 57 | . 3 . 4 11 2 1 4 . 2 . 17 13 Terminals 24 | . 3 . 3 4 . . . . . . 7 7 Fabricators 3 | . . . . . . . . . 1 . 2 . Repair Stations 5 | . . . 1 1 . . . . . . 2 1 Recycling Units 9 | . . . . 3 . . . . . . 3 3 Scanalyzers 4 | . . . . 1 . . . . 1 . 1 1 Garrison Access 5 | . . . . 2 . . . . . . 2 1 Total Hacks 141 | . 6 . 13 21 2 1 27 . 5 . 36 30 Successful 79 | . 3 . 7 10 2 1 27 . 5 . 16 8 Failed 62 | . 3 . 6 11 . . . . . . 20 22 Catastrophic 10 | . . . . 1 . . . . . . 4 5 Database Lockouts . | . . . . . . . . . . . . . Manual 29 | . 1 . 4 4 . . . . . . 10 10 Terminals 56 | . 6 . 11 9 . . . . . . 15 15 Fabricators 7 | . . . . . . . . . 2 . 5 . Repair Stations 11 | . . . 2 2 . . . . . . 5 2 Recycling Units 14 | . . . . 5 . . . . . . 4 5 Scanalyzers 10 | . . . . 1 . . . . 3 . 3 3 Garrison Access 13 | . . . . 4 . . . . . . 4 5 Terminal Hacks 45 | . 2 . 4 3 2 1 27 . . . 4 2 Record 13 | . . . . . 1 . 11 . . . 1 . Part Schematic 9 | . . . . . . . 8 . . . 1 . Robot Schematic 5 | . . . . . . . 5 . . . . . Prototype ID Bank 4 | . 1 . . . . . 3 . . . . . Open Door 2 | . . . . . 1 1 . . . . . . Branch Access Points 2 | . . . 1 . . . . . . . . 1 Emergency Access Points 1 | . . . . 1 . . . . . . . . Terminal Index 1 | . . . . 1 . . . . . . . . Alert Level 1 | . . . . . . . . . . . 1 . Locate Traps 1 | . . . 1 . . . . . . . . . Patrol Status 1 | . 1 . . . . . . . . . . . Transport Status 1 | . . . . 1 . . . . . . . . Recall Investigation 1 | . . . . . . . . . . . . 1 Hauler Manifests 2 | . . . 1 . . . . . . . 1 . Zone Layout 1 | . . . 1 . . . . . . . . . Fabricator Hacks 6 | . . . . . . . . . 2 . 4 . Load Schematic 3 | . . . . . . . . . 1 . 2 . Build 3 | . . . . . . . . . 1 . 2 . Repair Station Hacks 7 | . . . 2 1 . . . . . . 2 2 Scan Component 4 | . . . 1 1 . . . . . . 1 1 Repair 3 | . . . 1 . . . . . . . 1 1 Recycling Unit Hacks 6 | . . . . 2 . . . . . . 2 2 Retrieve Matter 1 | . . . . . . . . . . . . 1 Retrieve Components 5 | . . . . 2 . . . . . . 2 1 Scanalyzer 6 | . . . . . . . . . 3 . 2 1 Insert Component 2 | . . . . . . . . . 1 . 1 . Analyze 2 | . . . . . . . . . 1 . 1 . Retrieve Study 2 | . . . . . . . . . 1 . . 1 Garrison Access Hacks 4 | . . . . 2 . . . . . . 1 1 Seal Access 3 | . . . . 2 . . . . . . 1 . Coupler Status 1 | . . . . . . . . . . . . 1 Unauthorized Hacks 5 | . 1 . 1 2 . . . . . . 1 . Terminals 5 | . 1 . 1 2 . . . . . . 1 . Assimilate 1 | . . . . 1 . . . . . . . . Operators 4 | . 1 . 1 1 . . . . . . 1 . Fabricators . | . . . . . . . . . . . . . Repair Stations . | . . . . . . . . . . . . . Recycling Units . | . . . . . . . . . . . . . Scanalyzers . | . . . . . . . . . . . . . Garrison Access . | . . . . . . . . . . . . . Data Cores Recovered 1 | . . . . . . . . . . . 1 . Used 1 | . . . . . . . . . . . 1 . Hacking Detections 38 | . 3 . 1 8 . . . . 1 . 15 10 Full Trace Events 8 | . . . . 2 . . . . 1 . 3 2 Feedback Events . | . . . . . . . . . . . . . Feedback Blocked . | . . . . . . . . . . . . . Robot Schematics Acquired 5 | . . . . . . . 5 . . . . . Robots Built . | . . . . . . . . . . . . . Authchips . | . . . . . . . . . . . . . Time . | . . . . . . . . . . . . . Total Robot Build Rating . | . . . . . . . . . . . . . Part Schematics Acquired 11 | . . . . . . . 8 . 1 . 2 . Parts Built 4 | . . . . . . . . . 1 . 3 . Authchips . | . . . . . . . . . . . . . Time 392 | . . . . . . . . . 169 . 223 . Total Part Build Rating 26 | . . . . . . . . . 6 . 20 . Part Studies Acquired 2 | . . . . . . . . . 1 . . 1 Parts Repaired 2 | . . . 1 . . . . . . . . 1 Time 150 | . . . 26 . . . . . . . 62 62 Parts Recycled . | . . . . . . . . . . . . . Recycled Matter . | . . . . . . . . . . . . . Retrieved Matter . | . . . . . . . . . . . . . Retrieved Components 20 | . . . . 13 . . . . . . 5 2 Parts Scanalyzed 2 | . . . . . . . . . 1 . 1 . Part Schematics Acquired 2 | . . . . . . . . . 1 . 1 . Parts Damaged . | . . . . . . . . . . . . . Bothacking | -11 -10 -10 -8 -7 -7 -7 -7 -6 -6 -6 -6 -5 ------------ Run | Yrd Mat Sub Mat Fac Low Low Dat Pro Fac Was Fac Fac Used RIF Installer . | . . . . . . . . . . . . . Robots Hacked 11 | . . . 1 3 . . 1 . 1 3 . 2 Non-combat 6 | . . . . 2 . . . . 1 1 . 2 Combat 5 | . . . 1 1 . . 1 . . 2 . . Robot Hacks Applied 13 | . . . 1 4 . . 1 . 1 3 . 3 parse_system 7 | . . . 1 2 . . 1 . . 3 . . no_distress 5 | . . . . 2 . . . . 1 . . 2 find_fabricator 1 | . . . . . . . . . . . . 1 Relay Couplers Released 3 | . . . . . . . . . . . . 3 Programmers 3 | . . . . . . . . . . . . 3 Fabnet Peak Effective % . | . . . . . . . . . . . . . Robots Rewired 1 | . . . . 1 . . . . . . . . Allies Hacked . | . . . . . . . . . . . . . Hacks Repelled . | . . . . . . . . . . . . . Allies | -11 -10 -10 -8 -7 -7 -7 -7 -6 -6 -6 -6 -5 -------- Run | Yrd Mat Sub Mat Fac Low Low Dat Pro Fac Was Fac Fac Total Allies 20 | . . . . 2 . . . . . 18 . . Largest Group 18 | . . . . 1 1 . . . . 18 9 . Highest-Rated Group 656 | . . . . 90 90 . . . . 656 277 . Highest-Rated Ally 90 | . . . . 90 90 . . . . 50 50 . Total Orders 9 | . . . . . . . . . . 9 . . STAY 2 | . . . . . . . . . . 2 . . ROAM 2 | . . . . . . . . . . 2 . . EXPLORE 2 | . . . . . . . . . . 2 . . RETURN 3 | . . . . . . . . . . 3 . . Ally Attacks 104 | . . . . 3 . . . . . 47 54 . Total Damage 2901 | . . . . 61 . . . . . 918 1922 . Kills 20 | . . . . 1 . . . . . 1 18 . Allies Corrupted 3 | . . . . 1 . . . . . . 2 . Allies Melted . | . . . . . . . . . . . . . Intel | -11 -10 -10 -8 -7 -7 -7 -7 -6 -6 -6 -6 -5 ------- Run | Yrd Mat Sub Mat Fac Low Low Dat Pro Fac Was Fac Fac Active Infowar (turns) 16994 | 4 1036 292 388 3277 865 623 . 543 1199 315 3893 4559 Sensors 2 | . . . . . . . . . . . 2 . Traps 2 | . . . . . . . . . 2 . . . Seismic 16991 | 4 1036 292 388 3277 864 623 . 543 1197 315 3893 4559 Jamming 1 | . . . . . 1 . . . . . . . Robot Analysis Total . | . . . . . . . . . . . . . Derelict Logs Recovered 6 | . . . . . 2 3 . 1 . . . . Drone Launches 4 | . . . . . . . . . . 4 . . Drone Recoveries 2 | . . . . . . . . . . 2 . . Exploration | -11 -10 -10 -8 -7 -7 -7 -7 -6 -6 -6 -6 -5 ------------- Run | Yrd Mat Sub Mat Fac Low Low Dat Pro Fac Was Fac Fac Turns Passed 19776 | 223 1036 800 408 3547 898 912 136 664 1369 522 3919 5342 Spaces Moved 10358 | 84 543 500 233 1984 616 556 78 249 561 395 2101 2458 Core 8 | 5 . . . . . . . . . . . 3 Treads 3078 | . . . . 34 . 89 78 249 45 . 610 1973 Legs 71 | . . . . . . . . . . . . 71 Wheels 7201 | 79 543 500 233 1950 616 467 . . 516 395 1491 411 Hover . | . . . . . . . . . . . . . Flight . | . . . . . . . . . . . . . Fastest Speed 50 | 50 100 120 119 119 125 125 170 170 115 100 100 100 Average Speed 147 | 98 141 130 119 142 125 132 170 239 136 106 152 162 Slowest Speed 320 | 150 145 155 120 250 170 250 170 250 250 115 250 320 Overloaded Moves . | . . . . . . . . . . . . . Propulsion Burnouts . | . . . . . . . . . . . . . Robots Hopped . | . . . . . . . . . . . . . Potential Cave-ins . | . . . . . . . . . . . . . Cave-ins Triggered . | . . . . . . . . . . . . . Exploration Rate (%) 51 | 4 88 26 26 49 87 66 68 45 12 97 47 54 Regions Visited 12 Branch Regions 5 Pre-discovered Areas 1 | . . . . . . . 1 . . . . . Known Exits Taken . | . . . . . . . . . . . . . Unknown Exits Taken 10 | 1 1 1 1 1 1 1 1 1 . . 1 . Scrap Searched 7 | . . 2 . . 3 2 . . . . . . Spaces Dug 90 | . . . . 20 . . . . 10 . 17 43 Terrain Destroyed 447 | . . 22 . 24 . 50 . 66 20 21 29 215 Melee 77 | . . . . 15 . . . . 6 . 16 40 Projectile 162 | . . . . 9 . 3 . 11 14 6 13 106 AOE 208 | . . 22 . . . 47 . 55 . 15 . 69 Terrain Rammed . | . . . . . . . . . . . . . Walls Destroyed . | . . . . . . . . . . . . . Machines Disabled . | . . . . . . . . . . . . . Actions | -11 -10 -10 -8 -7 -7 -7 -7 -6 -6 -6 -6 -5 --------- Run | Yrd Mat Sub Mat Fac Low Low Dat Pro Fac Was Fac Fac Total 13519 | 190 744 577 345 2475 713 651 80 278 1053 463 2620 3330 Wait 1786 | 72 150 8 58 231 68 22 . 5 392 26 325 429 Move 10347 | 83 542 499 232 1983 615 555 77 248 561 394 2100 2458 Hop . | . . . . . . . . . . . . . Pick Up 166 | 10 12 11 17 36 3 12 . 1 8 5 9 42 Fast Attach 49 | 6 . 2 . 7 3 1 . . 4 . 7 19 Attach 73 | 1 . 9 3 6 1 8 . 1 5 3 1 35 Detach 4 | . . . . . . . . . . . . 4 Swap 195 | . 4 6 8 50 10 12 1 7 15 8 30 44 Drop 132 | 1 2 4 13 40 3 5 . . 9 5 15 35 Fire 589 | 17 34 38 11 102 10 31 2 16 49 22 85 172 Melee 174 | . . . 1 20 . 5 . . 10 . 46 92 Ram . | . . . . . . . . . . . . . Kick . | . . . . . . . . . . . . . Crush . | . . . . . . . . . . . . . Escape Stasis 2 | . . . . . . . . . . . 2 . Rewire . | . . . . . . . . . . . . . Trap . | . . . . . . . . . . . . . Miscellaneous 2 | . . . 2 . . . . . . . . . Route ------- -11/Scrapyard -10/Materials (discovered 6 exits: [*Mat x3] / [*Min x2] / [*Sub]) -10/Subcaves -8/Materials -7/Factory (discovered 3 exits: *Fac / *Low x2) -7/Lower Caves -7/Lower Caves -7/Data Miner -6/Proximity Caves -6/Factory -6/Waste -6/Factory (discovered 2 exits: *Fac x2) -5/Factory (discovered 3 exits: [*Fac] / *Upp x2) History --------- Turn | Location | Event 24 | -11/Scrapyard | Discovered new exit (range 14) 224 | -11/Scrapyard | Entered Materials 331 | -10/Materials | Build established: Mutant 588 | -10/Materials | Discovered new exit (range 8) 918 | -10/Materials | Discovered new exit (range 16) 1005 | -10/Materials | Discovered new exit (range 3) 1042 | -10/Materials | Discovered new exit (range 15) 1213 | -10/Materials | Discovered new exit (range 11) 1250 | -10/Materials | Discovered new exit (range 7) 1260 | -10/Materials | Entered Subcaves 1262 | -10/Subcaves | Shifting Twisted Machinery released Hvy. Riot Gun 1511 | -10/Subcaves | Lost 3 parts (1p1n1w) 1555 | -10/Subcaves | Core integrity fell below 50% 1582 | -10/Subcaves | Core integrity fell below 20% 1610 | -10/Subcaves | Lost 4 parts (1n1u2w) 1674 | -10/Subcaves | Disturbed a concealed Subdweller 1837 | -10/Subcaves | A swath of the cavern ceiling suddenly collapsed 1838 | -10/Subcaves | Discovered new exit (range 8) 2060 | -10/Subcaves | Entered Materials 2060 | -8/Materials | Evolved 4 slots: Propulsion x2, Utility x2 2318 | -8/Materials | Repaired Grenade Launcher 2359 | -8/Materials | Build established: Subdweller-Mutant 2431 | -8/Materials | Met 7R-MNS 2453 | -8/Materials | Discovered new exit (range 8) 2468 | -8/Materials | Entered Factory 2468 | -7/Factory | Evolved 2 slots: Utility x1, Weapon x1 2469 | -7/Factory | Caught up to 7R-MNS 2680 | -7/Factory | Garrison activated, responded to threat 2694 | -7/Factory | Discovered new exit (range 15) 2839 | -7/Factory | Garrison activated, responded to threat 3089 | -7/Factory | Build established: Scavenger-Mutant 3524 | -7/Factory | Build established: Scavenger-Tank 3635 | -7/Factory | Discovered new exit (range 15) 3874 | -7/Factory | Build established: Scavenger-Gunner 5048 | -7/Factory | Garrison activated, responded to threat 5468 | -7/Factory | Discovered new exit (range 7) 6015 | -7/Factory | Entered Lower Caves 6015 | -7/Lower Caves | Accompanied by 1 ally 6050 | -7/Lower Caves | Learned 4 Factory zone layouts 6251 | -7/Lower Caves | System corruption reached 10% 6284 | -7/Lower Caves | Entered a destroyed Warlord outpost 6514 | -7/Lower Caves | Learned Factory stockpile data 6849 | -7/Lower Caves | Discovered new exit (range 4) 6913 | -7/Lower Caves | Entered another Lower Caves area 7017 | -7/Lower Caves | Attacked by a faux Warlord 7082 | -7/Lower Caves | Lost 3 parts (1n2w) 7307 | -7/Lower Caves | Learned Factory security intel 7321 | -7/Lower Caves | Learned Factory non-interactive machine intel 7687 | -7/Lower Caves | Lost 3 parts (2n1w) 7811 | -7/Lower Caves | Discovered new exit (range 7) 7825 | -7/Lower Caves | Entered Data Miner 7825 | -7/Data Miner | Discovered new exit (range 6) 7859 | -7/Data Miner | Met Data Miner 7892 | -7/Data Miner | Learned location of Section 7 (-3) 7892 | -7/Data Miner | Acquired the access code to Warlord's prototype stash 7917 | -7/Data Miner | Received God Mode back door access code from Data Miner 7961 | -7/Data Miner | Entered Proximity Caves 7964 | -6/Proximity Caves | Spotter reported a threat 7964 | -6/Proximity Caves | Spotter reported a threat 8008 | -6/Proximity Caves | Learned Factory interactive machine intel 8017 | -6/Proximity Caves | Spotter reported a threat 8101 | -6/Proximity Caves | Spotter reported a threat 8109 | -6/Proximity Caves | Spotter reported a threat 8162 | -6/Proximity Caves | Spotter reported a threat 8215 | -6/Proximity Caves | Spotter reported a threat 8227 | -6/Proximity Caves | Spotter reported a threat 8279 | -6/Proximity Caves | Spotter reported a threat 8332 | -6/Proximity Caves | Spotter reported a threat 8426 | -6/Proximity Caves | Spotter reported a threat 8586 | -6/Proximity Caves | Discovered new exit (range 13) 8589 | -6/Proximity Caves | Spotter reported a threat 8625 | -6/Proximity Caves | Entered Factory 8625 | -6/Factory | Evolved 2 slots: Propulsion x1, Utility x1 8629 | -6/Factory | Loaded intel: 232 non-interactive machine locations 8630 | -6/Factory | Loaded intel: 54 interactive machine locations 8975 | -6/Factory | Search patrols dispatched 9325 | -6/Factory | Search patrols dispatched 9619 | -6/Factory | Build established: Mutant 9646 | -6/Factory | Fabricated Combat Drone Bay? 9675 | -6/Factory | Search patrols dispatched 9994 | -6/Factory | Sucked down chute 9994 | -6/Factory | Entered Waste 10068 | -6/Waste | Allies destroyed C-40 Crusher 10101 | -6/Waste | Spotted C-40 Crusher 10129 | -6/Waste | Spotted C-40 Crusher 10130 | -6/Waste | Destroyed C-40 Crusher 10138 | -6/Waste | Destroyed C-40 Crusher 10140 | -6/Waste | Spotted C-40 Crusher 10146 | -6/Waste | Spotted C-40 Crusher 10189 | -6/Waste | Destroyed C-40 Crusher 10200 | -6/Waste | Destroyed C-40 Crusher 10217 | -6/Waste | Spotted C-40 Crusher 10226 | -6/Waste | Destroyed C-40 Crusher 10339 | -6/Waste | Discovered new exit (range 12) 10382 | -6/Waste | Warlord forces began an assault 10516 | -6/Waste | Entered Factory 10516 | -6/Factory | Accompanied by 9 allies 10921 | -6/Factory | Lost 3 allies 11388 | -6/Factory | Build established: Gunner 11644 | -6/Factory | Lost 3 allies 11841 | -6/Factory | Fabricated Hyp. Mass Driver (x2) 12283 | -6/Factory | Build established: Mutant 13296 | -6/Factory | Garrison activated, responded to threat 13501 | -6/Factory | Discovered new exit (range 15) 13826 | -6/Factory | Incoming investigation squad redirected 13908 | -6/Factory | Fabricated Hvy. Treads (x1) 14017 | -6/Factory | Discovered new exit (range 4) 14139 | -6/Factory | Spotted B-75 Beast 14201 | -6/Factory | Garrison activated, responded to threat 14435 | -6/Factory | Entered another Factory area 14435 | -5/Factory | Evolved 2 slots: Propulsion x1, Weapon x1 14814 | -5/Factory | Build established: Tank 15231 | -5/Factory | Spotted B-75 Beast 15248 | -5/Factory | Destroyed B-75 Beast 15297 | -5/Factory | Discovered new exit (range 10) 15729 | -5/Factory | Discovered new exit (range 13) 16015 | -5/Factory | Cargo convoy interrupted 16210 | -5/Factory | Build established: Scavenger-Tank 16322 | -5/Factory | Destroyed 7 combat bots 16676 | -5/Factory | Incoming investigation squad redirected 16838 | -5/Factory | Found Prototype Launcher 16838 | -5/Factory | Identified Scatter Rocket Array 16997 | -5/Factory | Build established: Scavenger-Gunner 17135 | -5/Factory | First assault squad dispatched 17816 | -5/Factory | System corruption reached 10% 17857 | -5/Factory | Destroyed 7 combat bots 17860 | -5/Factory | Lost 6 parts (2n3u1w) 18452 | -5/Factory | Identified exit to Upper Caves 18679 | -5/Factory | Lost 8 parts (1p4n3w) 18899 | -5/Factory | Repaired Hyp. Mass Driver 18962 | -5/Factory | Incoming assault squad redirected 19675 | -5/Factory | Core integrity fell below 50% 19713 | -5/Factory | Lost 4 parts (2n1u1w) 19767 | -5/Factory | Core integrity fell below 20% 19777 | -5/Factory | Destroyed by P-70 Sage with Tesla Rifle Last Messages --------------- 19756_ R-10 Processor knocked back. 19756_ HV Slug penetrates Wall. 19759_ G-50 Soldier destroyed. 19759_ G-50 Soldier suffers critical hit (Destroy). 19759_ G-50 Soldier destroyed. 19759_ Enh. Gauss Cannon destroyed. 19759_ Penetrated by Slug. 19759_ Hcp. Storage Unit destroyed. 19759_ Penetrated by Slug. 19763_ Arm. Huge Wheel destroyed. 19763_ Acquired Adv. Target Analyzer. 19765_ Dropped Hyp. Mass Driver. 19766_ %JZBMA&94|H6VNW8PR9F9 19766_ Slug penetrates Manufacturing Mainframe. 19769_ Penetrated by Slug. 19769_ Core Analyzer destroyed. 19769_ Plasma Sword destroyed. 19770_ Acquired Carbon-fiber Leg. 19774_ Penetrated by Slug. 19775_ Adv. Melee Analysis Suite destroyed. Map ----- +----------------------------------------------------+ | ?????????????????????????? Y" ????????????????? | | ??????????????????????? ??""" ????????????????? | | ?????????????????????? =% ????????????????? | | ?????????????????????? [ ?????????????????? | | ????????????????????? ?????????????????? | | ????????????????????? ?????????????????? | | ????????????????????? #?????????????????? | | ???????????????????? #?????????????????? | | ??????????????????? #????????????????? | | ???????????????? ?" #????????????????? | | ??????????????? "" = #??##????????????? | | ?????????????? ]%] ##########?####### | | ???????????? ?? " ] #?# ! = | | ??????????# """"" """ #?# | | ??????????# """"" """" #?# """ | | ??????????# = % "F"" #?# | | ??????????# """%= # "" #?# """ | | ????????### """""%"""" """ #?#] | | ??>???? """ """"" # "" #?# """ | | ??????????# # #?# | | ??????????# %""" """ #####+####### """ | | ??????????## """" """"" #???# + | | ???????????# """" """"" #???# ########## | | ???????????# ##### #???# | | ???????????# %% #???# | | ???????????# #########p@!############ #???# | | ???????????# #??## p* =%# # ##### | | ???????????# #???# ==!% !# """# # """ | | ???????????+ #???# !!!!# T"# # """ | | ???????????# #??## h % ][# ]]] """# + """ | | ???????????# #??##! " | # ]]] + # """ | | ???????????# #??##= """ # ]]] # #= """ | | ???????????# #####% # # # """ | | ???????????# +!! # =# # """ | | ???????????# ############### # # | | ???????????# #?????????????########"# ###### | | ??????#######+##########?????????#### # #????? | | ????# #?????########## #????? | | ????# """""" """""" #?????# ! # #????? | | ????# """""" """""" #?????# % # #????? | | ????# """""" """""" #?????# # #????? | | ????# ! """""" """""" #?????# """# #????? | | ????# #?????# """# #????? | | ????# * #?????# """# #????? | | ????# ! #?????# ""# #????? | | ????#####################????# ""# #????? | | ???????????# #????# # #????? | | ???????????# """""" #########+##### #????? | | ???????????# """""" # % #????? | | ???????????# """""" # % #????? | +----------------------------------------------------+ Best States ------------- Heat Dissipation 67 Energy Generation 23 Energy Capacity 550 Matter Stores 450 Matter Capacity 450 Sight Range 16 Robot Scan Range 16 Terrain Scan Density 10 Jamming Range 12 Additional Mass Support 9 Armor Coverage 900 Resistance: KI 30 Resistance: TH 25 Resistance: EM 20 Weapon Cycling 15 Evasion (%) 55 Melee Accuracy 8 Launcher Accuracy 30 Target Analysis 8 Core Analysis 9 Recoil Reduction 12 Matter Filtering 30 Kinecelleration 40 Offensive Hacking 14 Item Schematics ----------------- Combat Drone Bay | -7/Data Miner | Free Lgt. Regenerative Plating | -7/Data Miner | Free Biomechanical Wings | -7/Data Miner | Free Thermal Defense Suite | -7/Data Miner | Free Imp. Lightning Gun | -7/Data Miner | Free Hvy. Treads | -7/Data Miner | Free Imp. Transmission Jammer | -7/Data Miner | Free Smartbomb Launcher | -7/Data Miner | Free Antimatter Cannon | -6/Factory | Scanalyzed Hyp. Mass Driver | -6/Factory | Scanalyzed Imp. Heavy Treads | -6/Factory | Hacked Robot Schematics ------------------ S-27 Virus | -7/Data Miner | Free M-22 Extractor | -7/Data Miner | Free R-10 Processor | -7/Data Miner | Free B-60 Warrior | -7/Data Miner | Free G-50 Soldier | -7/Data Miner | Free Fabricated ------------ Combat Drone Bay | x1 | -6/Factory Hyp. Mass Driver | x2 | -6/Factory Hvy. Treads | x1 | -6/Factory Repaired ---------- Grenade Launcher | 5% | -8/Materials Hyp. Mass Driver | 7% | -5/Factory Studied --------- Wheel | -6/Factory | Hacked Hvy. Treads | -5/Factory | Hacked Alien Tech Used ----------------- None Achievements -------------- Botjacking Dynamic Key Fancy Inventory Immobile And Lovin' It Oh No You Don't! Survival Of The Most Covered Suspicious The Oracle Challenges ------------ None Game ------ Seed StealthEtherialMagmablaster Manual? 0 Play Time 05:38:32 Cumulative 37.1 hours Start 2025.12.30 @ 20:56:19 End 2026.01.02 @ 14:54:28 Sessions 16 Manual Loads 0 Difficulty Rogue Special Mode None Game No. 14 Rogue 14 Adventurer 0 Explorer 0 Win Type - Total 1 Types 1/0/0/0/0/0/0/0/0/0 Lore% 14 Gallery% 31 Achievement% 27 Wizard Run 0 Options --------- Layout 0 ASCII 0 Keyboard 0 Movement Mouse Keybinds 0 Fullscreen 1 Font 18/SmallcapsGlow Map View 76x50 Zoom Use 0% Tactical HUD 1 Map Filters NONE Filters NONE Steam 1 RUN: 614ede9b-ac9d-4e0e-8c95-a80d136c1962